 Dungeon Crawl Stone Soup version 0.31-a0-175-g9f7f995f2b (webtiles) character file.

Game seed: 7789127219124374233

98 qw the Shooter (level 4, -8/28 HPs)
             Began as a Gargoyle Hunter on June 16, 2023.
             Mangled by a goblin
             ... wielding a +4 dagger
              (11 damage)
             ... on level 3 of the Dungeon.
             The game lasted 00:00:44 (1545 turns).

qw the Shooter (Gargoyle Hunter)                    Turns: 1545, Time: 00:00:44

Health: -8/28      AC:  8    Str: 14    XL:     4   Next: 69%
Magic:  4/4        EV: 10    Int: 10    God:
Gold:   111        SH:  0    Dex: 15    Spells: 3/3 levels left

rFire   . . .        Y - +0 shortbow (flame)
rCold   + . .        (shield currently unavailable)
rNeg    + . .        i - +0 ring mail
rPois   inf          (no helmet)
rElec   +            (no cloak)
rCorr   .            (no gloves)
SInv    .            (no boots)
Will    .....        (no amulet)
Stlth   +            b - ring of protection from cold
HPRegen 0.24/turn    (no ring)
MPRegen 0.09/turn

%: no passive effects
@: no status effects
A: sickness immunity, AC +3, negative energy resistance 1, electricity
resistance, torment resistance 1, petrification resistance
a: no special abilities


You were on level 3 of the Dungeon.
You visited 1 branch of the dungeon, and saw 3 of its levels.

You collected 111 gold pieces.


Innate Abilities, Weirdness & Mutations

You are immune to sickness and miasma.
Your stone body is resilient. (AC +3)
You are immune to poison.
You resist negative energy. (rN+)
You are resistant to electric shocks. (rElec)
You are resistant to unholy torment.
You are immune to petrification.


   Skills:
 - Level 3.1 Fighting
 + Level 5.3 Ranged Weapons
 - Level 1.1 Armour
 - Level 1.5 Dodging
 - Level 1.1 Stealth


You had 3 spell levels left.
You didn't know any spells.
Your spell library was empty.

Inventory:

Hand Weapons
 Y - a +0 shortbow of flaming (weapon)
Armour
 i - a +0 ring mail (worn)
Jewellery
 b - a ring of protection from cold (left hand)
Scrolls
 a - a scroll of identify
 c - a scroll of teleportation
Potions
 e - 2 potions of curing
 f - a potion of enlightenment {unknown}

Dungeon Overview and Level Annotations

Branches:
Dungeon (3/15)

Altars:
Dithmenos
Uskayaw

Annotations:
D:3 Robin


Message History

The arrow hits the hobgoblin but does no damage.
A hobgoblin comes into view.
You shoot an arrow. The arrow barely misses the goblin. x2
An ufetubus comes into view.
You shoot an arrow. The ufetubus shouts!
The arrow hits the goblin.
The arrow burns the goblin.
The goblin is severely wounded.
You shoot an arrow.
The arrow hits the goblin but does no damage.
Robin roars a battlecry!
The goblins go into a battle-frenzy!
A goblin comes into view. It is wielding a +0 dagger.
A hobgoblin comes into view.
You hear a shout!
You shoot an arrow. The arrow hits the goblin.
The arrow burns the goblin.
You kill the goblin!
The goblin hits you with a +2 dagger of draining.
A goblin comes into view. It is wielding a +0 dagger.
The goblin hits you with a +2 dagger of draining!
You shoot an arrow. The arrow hits the goblin!
The arrow burns the goblin.
You kill the goblin!
The goblin hits you with a +4 dagger.
The hobgoblin hits you but does no damage.
You shoot an arrow. The arrow hits the hobgoblin.
The arrow burns the hobgoblin.
The hobgoblin is almost dead.
The hobgoblin closely misses you. The goblin hits you but does no damage.
The hobgoblin completely misses you.
You shoot an arrow. The arrow barely misses the hobgoblin.
An adder comes into view.
The hobgoblin hits you but does no damage.
The goblin hits you but does no damage.
The hobgoblin hits you but does no damage.
You shoot an arrow. The arrow barely misses the hobgoblin.
The adder hisses angrily.
The hobgoblin closely misses you.
Robin's bangles clink loudly.
The goblin hits you with a +4 dagger. The hobgoblin hits you.
The goblin hits you with a +4 dagger!
You die... ..... #.
S%#.# #. .... #. gg.

##.###gg
##....)g###
###....g#gg.#
#..(...g@#
.#.....##..
##....#...
##.#.#.. ##.#
###.#.. ...#
#.#.# #..# ##
#.#.# #..# #.
#.#.#######..#
#.
#............#
#.


You could see Robin, an adder, 5 hobgoblins and 3 goblins.

Vanquished Creatures
  2 adders
  3 worms (D:2)
  5 dart slugs
  An orc (D:3)
  4 bats
  3 endoplasms
  A giant cockroach (D:3)
  8 goblins
  6 hobgoblins
  6 kobolds
  2 quokkas
  8 ball pythons
  2 frilled lizards
  5 rats
56 creatures vanquished.

Notes
Turn   | Place    | Note
-------+----------+-------------------------------------------
     0 | D:1      | qw the Gargoyle Hunter began the quest for the Orb.
     0 | D:1      | Reached XP level 1. HP: 12/12 MP: 1/1
     0 | D:1      | 0 ||| qw: Version: 0.2-a-29-g511e9b1
     0 | D:1      | 0 ||| qw: Game counter: 5841
     0 | D:1      | 0 ||| qw: Always use a shield: true
     0 | D:1      | 0 ||| qw: God list: Okawaru
     0 | D:1      | 0 ||| qw: Allow faded altars: false
     0 | D:1      | 0 ||| qw: Do Orc after D:15 true
     0 | D:1      | 0 ||| qw: Do second Lair branch before Depths: true
     0 | D:1      | 0 ||| qw: Lair rune preference: random
     0 | D:1      | 0 ||| qw: Plans: Normal, Zot:1-4, Slime:5, God:TSO, Crypt,
                  | Tomb, Abyss, Pan, Hells, Win
     0 | D:1      | 0 ||| PLANNING D:1-11
   121 | D:1      | Reached XP level 2. HP: 17/17 MP: 2/2
   467 | D:1      | Reached XP level 3. HP: 21/21 MP: 3/3
   799 | D:1      | 799 ||| UPGRADING to +0 ring mail.
   809 | D:1      | 809 ||| DROPPING +0 leather armour.
   810 | D:1      | 810 ||| READING 2 scrolls labelled TARIDE XUPT.
   811 | D:1      | 811 ||| READING scroll labelled ETIUDWAALO.
   812 | D:1      | 812 ||| READING scroll labelled UDIJAU BIEVA.
   817 | D:1      | 817 ||| DRINKING 2 coppery potions.
   818 | D:1      | 818 ||| DROPPING scroll of butterflies.
   845 | D:2      | 845 ||| STAIRDANCE
   849 | D:1      | Reached skill level 1 in Armour
   863 | D:2      | Reached skill level 5 in Ranged Weapons
  1015 | D:2      | Reached XP level 4. HP: 21/27 MP: 4/4
  1051 | D:2      | Reached skill level 3 in Fighting
  1102 | D:2      | Found a hide-covered altar of Uskayaw.
  1288 | D:2      | 1288 ||| UPGRADING to ring of protection from cold.
  1289 | D:2      | 1289 ||| READING scroll labelled DUXZIFR VAXA.
  1289 | D:2      | Identified a scroll of acquirement
  1289 | D:2      | 1289 ||| ACQUIRING +0 shortbow of flaming
  1289 | D:2      | Acquired a +0 shortbow of flaming
  1291 | D:2      | 1291 ||| UPGRADING to +0 shortbow of flaming.
  1292 | D:2      | 1292 ||| DROPPING +0 shortbow.
  1293 | D:2      | 1293 ||| READING scroll labelled BAJAPA MOBBITT.
  1314 | D:3      | 1314 ||| PLANNING SEWER
  1383 | D:3      | Found a shadowy altar of Dithmenos.
  1508 | D:3      | Identified the +2 rapier "Sogam" {freeze, rF- Dex+3 SInv}
  1536 | D:3      | Noticed Robin
  1545 | D:3      | HP: 5/28 [goblin/+4 dagger (5)]
  1545 | D:3      | Mangled by a goblin

Levels and vault maps discovered:
D:1:      wheals_arrival_shading, layout_basic, nicolae_figureground_sparkle
D:2:      layout_basic, basic_altar, nicolae_kite_square_tiling_tiny
D:3:      layout_loops_ring, nicolae_gozag_seed_capital,
          mainiacjoe_overflow_six_doors_small,
          grunt_dithmenos_smoke_and_mirrors, marbit_many_paths,
          portal_sewer_entry_e, grunt_ministairs_15, minmay_misc_feat_alley,
          kennysheep_flooded_box, uniq_robin

Skill      XL: |  1  2  3  4 |
---------------+-------------+-----
Armour         | 1 |  1.1
Ranged Weapons | 5 |  5.3
Fighting       | 3 |  3.1
Dodging        | |  1.5
Stealth        | |  1.1

Action                     |  1- 3 |  4- 6 || total
---------------------------+-------+-------++-------
   Fire: Shortbow          |   108 |    68 ||   176
    Use: Scroll            |     3 |     2 ||     5
         Potion            |     1 |       ||     1
 Armour: Leather armour    |     2 |       ||     2
         Ring mail         |    10 |    17 ||    27
  Dodge: Dodged            |    20 |    18 ||    38

Table legend:
 A = Non-vault XP
 B = Vault XP
 C = Vault XP percentage of total XP
 D = Non-vault monster count
 E = Vault monster count
 F = Vault count percentage of total count
                 A         B        C        D         E       F
            +---------+---------+-------+---------+---------+-------
      Total |     132 |       8 |   5.7 |      52 |       4 |   7.1
            +---------+---------+-------+---------+---------+-------
        D:1 |      52 |       0 |   0.0 |      22 |       0 |   0.0
        D:2 |      61 |       0 |   0.0 |      21 |       0 |   0.0
        D:3 |      19 |       8 |  29.6 |       9 |       4 |  30.8
            +---------+---------+-------+---------+---------+-------
